 Dungeon Crawl Stone Soup version 0.20-a0-754-g13ddd6e (webtiles) character file.

3604 Duffy the Cleaver (level 10, -4/74 HPs)
             Began as a Barachian Gladiator on Feb 26, 2017.
             Was a Believer of Wu Jian.
             Slain by Grum
             ... wielding a +1 spear
              (9 damage)
             ... on level 8 of the Dungeon.
             The game lasted 00:13:23 (9157 turns).

Duffy the Cleaver (Barachian Gladiator)             Turns: 9157, Time: 00:13:24

Health: -4/74      AC: 15    Str: 21    XL:     10   Next: 10%
Magic:  10/10      EV:  7    Int:  8    God:    Wu Jian [**....]
Gold:   445        SH:  0    Dex: 15    Spells: 9/9 levels left

rFire    . . .     SeeInvis .   h - +0 battleaxe
rCold    . . .     Gourm    .   D - +0 plate armour of Pandemonium {MR+ Str+3}
rNeg     . . .     Faith    .   (shield currently unavailable)
rPois    .         Spirit   .   (helmet restricted)
rElec    .         Reflect  .   v - scarf {repulsion}
rCorr    .         Harm     .   (no gloves)
MR       +....                  n - +1 pair of boots
Stlth    ..........             (no amulet)
Regen    0.3/turn               (no ring)
MPRegen  0.2/turn               k - +2 ring of slaying

@: heavily drained, repel missiles, slow
A: swims, antennae 1, slowness 1, subdued magic 1, strong legs 1
a: Hop, Renounce Religion


You were on level 8 of the Dungeon.
You worshipped Wu Jian.
Wu Jian was pleased with you.
You were not hungry.

You visited 2 branches of the dungeon, and saw 9 of its levels.
You also visited: Ossuary.

You collected 445 gold pieces.

Inventory:

Hand Weapons
 a - a +0 war axe
 h - a +0 battleaxe (weapon)
 r - a +1 flail of protection
 s - a +1 dire flail of protection
 w - a +2 hand axe of freezing
Missiles
 d - 3 throwing nets (quivered)
Armour
 c - a +0 helmet
 n - a +1 pair of boots (worn)
 v - a scarf of repulsion (worn)
 D - the +0 plate armour of Pandemonium (worn) {MR+ Str+3}
   (You found it on level 6 of the Dungeon)

   It affects your strength (+3).
   It affects your resistance to hostile enchantments.
Jewellery
 k - a +2 ring of slaying (left hand)
 C - an uncursed ring of ice
Scrolls
 b - 4 scrolls of enchant armour
 e - 2 scrolls of recharging
 i - 2 scrolls of blinking
 t - 2 scrolls of fog
 y - 4 scrolls of remove curse
 A - a scroll of magic mapping
Potions
 g - a potion of magic {unknown}
 j - a potion of might {unknown}
 l - a potion of heal wounds
 m - a potion of degeneration {unknown}
 o - 2 potions of agility
 p - a potion of curing
 q - a potion of ambrosia
 z - a potion of resistance
 B - a potion of haste
Comestibles
 f - 5 bread rations
 u - a meat ration
 x - 7 fruits


   Skills:
 - Level 5.0(3.6) Fighting
 + Level 11.0(9.4) Axes
 - Level 1.7(0.5) Throwing
 + Level 9.0(7.4) Armour
 - Level 3.0(1.6) Dodging


You had 9 spell levels left.
You didn't know any spells.

Dungeon Overview and Level Annotations

Branches:
Dungeon (8/15)             Temple (1/1) D:4
   Lair: D:8-11

Altars:
Ashenzari
Cheibriados
Dithmenos
Elyvilon
Fedhas
Gozag
Hepliaklqana
Kikubaaqudgha
Makhleb
Nemelex Xobeh
Okawaru
Qazlal
Ru
Sif Muna
Trog
Uskayaw
Vehumet
Wu Jian
Xom
Yredelemnul
Zin
The Shining One

Shops:
D:7 }

Annotations:
D:8 Grum


Innate Abilities, Weirdness & Mutations

You can swim through water.
You cover ground slowly.
You can hop short distances.
You have a pair of small antennae on your head.
Your spells are a little easier to cast, but a little less powerful.


Message History

Grum is moderately wounded.
You hit the wolf but do no damage. The wolf bites you.
The wolf bites you but does no damage. Grum barely misses you.
The wolf bites you but does no damage.
You hit Grum.
Grum is moderately wounded.
You hit the wolf but do no damage. The wolf bites you but does no damage.
Grum hits you with an enchanted spear. The wolf bites you.
You hit Grum but do no damage.
Grum is moderately wounded.
You completely miss the wolf. The wolf barely misses you.
Grum closely misses you. The wolf bites you but does no damage.
You barely miss Grum.
Grum is moderately wounded.
You slash the wolf! The wolf bites you but does no damage.
Grum hits you with an enchanted spear! The wolf barely misses you.
You hit Grum.
Grum is heavily wounded.
You hit the wolf. Grum hits you with an enchanted spear!
You die...

... .....
.....##+#####
............#
...?........#
...........#
#........#
########
#....h...#
#.......
#...@g...#
#.######
#....#%.##
#.# #....#.>#
#.# #....##.#
#.# ###
#....##.# #.#
#.. #######.#
#.# #.# #.#
#.# #.# #.#
#.# #.#
#.######.#
#.#


You could see Grum and a wolf.

Vanquished Creatures
  A hippogriff (D:7)
  A wraith (Ossuary)
  A hungry ghost (D:7)
  Edmund (D:6)
  2 ice beasts (D:6)
  A phantom (D:8)
  6 orc warriors
  2 ogres (D:6)
  A wolf (D:8)
  A centaur (D:5)
  2 bullfrogs
  A water moccasin zombie (D:7)
  5 killer bees
  5 wights (D:7)
  A bullfrog zombie (D:7)
  3 crimson imps
  A quasit (D:7)
  2 hounds
  A jelly (D:6)
  9 orc wizards
  4 orc priests
  3 worker ants
  Ijyb (D:2)
  2 iguanas
  A hound skeleton (D:6)
  3 mummies (Ossuary)
  A worker ant zombie (D:7)
  A howler monkey zombie (D:5)
  Robin (D:3)
  7 gnolls (D:3)
  8 adders
  3 shadow imps
  2 oozes
  An adder zombie (D:5)
  2 adder skeletons (D:6)
  5 worms
  4 dart slugs
  2 leopard geckos
  40 orcs
  4 ball pythons
  7 giant cockroaches
  A gnoll zombie (Ossuary)
  12 goblins
  9 hobgoblins
  2 jackals (D:7)
  8 kobolds
  6 quokkas
  4 bats
  5 frilled lizards
  3 hobgoblin zombies (Ossuary)
  3 kobold zombies (Ossuary)
  A leopard gecko skeleton (D:7)
  10 rats
213 creatures vanquished.

Notes
Turn   | Place    | Note
-------+----------+-------------------------------------------
     0 | D:1      | Duffy the Barachian Gladiator began the quest for the Orb.
     0 | D:1      | Reached XP level 1. HP: 16/16 MP: 1/1
    89 | D:1      | Reached XP level 2. HP: 22/22 MP: 2/2
   479 | D:1      | Reached skill level 4 in Axes
   718 | D:1      | Reached XP level 3. HP: 26/27 MP: 3/3
   967 | D:2      | Found a hazy altar of Hepliaklqana.
   968 | D:2      | Found a shimmering altar of Xom.
   968 | D:2      | Noticed a bullfrog
   969 | D:2      | Noticed a spectral ugly thing
   969 | D:2      | Noticed a bullfrog
  1159 | D:2      | Noticed Ijyb
  1184 | D:2      | Killed Ijyb
  1184 | D:2      | Reached XP level 4. HP: 28/33 MP: 4/4
  1233 | D:2      | Reached skill level 5 in Axes
  2112 | D:3      | Noticed an orc warrior
  2118 | D:3      | Killed an orc warrior
  2118 | D:3      | Reached skill level 6 in Axes
  2118 | D:3      | Reached XP level 5. HP: 38/38 MP: 5/5
  2177 | D:3      | Reached XP level 6. HP: 44/44 MP: 6/6
  2460 | D:3      | Reached skill level 1 in Armour
  2962 | D:3      | Noticed Robin
  2967 | D:3      | Killed Robin
  3122 | D:3      | Reached skill level 7 in Axes
  3259 | D:4      | Found a staircase to the Ecumenical Temple.
  3283 | D:4      | Reached XP level 7. HP: 27/50 MP: 7/7
  3439 | Temple   | Entered the Ecumenical Temple
  3595 | Temple   | Became a worshipper of the Wu Jian Council
  4271 | D:5      | Entered Level 5 of the Dungeon
  4276 | D:5      | Found a snail-covered altar of Cheibriados.
  4759 | D:5      | Reached skill level 8 in Axes
  4759 | D:5      | Reached skill level 5 in Armour
  4759 | D:5      | Reached XP level 8. HP: 45/56 MP: 8/8
  4925 | D:6      | Found a sand-covered staircase.
  4935 | D:6      | Reached * piety under Wu Jian
  5067 | Ossuary  | Entered an ossuary
  5067 | Ossuary  | Noticed a wraith
  5067 | Ossuary  | Noticed a wraith
  5067 | Ossuary  | Noticed a wraith
  5227 | Ossuary  | Noticed a wraith
  5241 | Ossuary  | Killed a wraith
  5649 | D:6      | HP: 3/60 [orc warrior/scimitar (17)]
  5956 | D:6      | Reached skill level 5 in Fighting
  5956 | D:6      | Reached skill level 9 in Axes
  6264 | D:7      | Reached XP level 9. HP: 18/68 MP: 9/9
  6525 | D:7      | Found Ediem's Gadget Emporium.
  6567 | D:7      | Reached ** piety under Wu Jian
  6932 | D:6      | Reached skill level 10 in Axes
  7056 | D:6      | Got a blackened plate armour
  7067 | D:6      | Identified the +0 plate armour of Pandemonium {MR+ Str+3} (You found it on level 6 of the Dungeon)
  7141 | D:6      | Noticed Edmund
  7155 | D:6      | Killed Edmund
  7307 | D:6      | Gained mutation: Scrolls take you a little longer to read. [potion of mutation]
  7307 | D:6      | Gained mutation: You have a pair of small antennae on your head. [potion of mutation]
  7307 | D:6      | Gained mutation: You are partially covered in yellow scales. (AC +2) [potion of mutation]
  8078 | D:7      | Lost mutation: You are partially covered in yellow scales. (AC +2) [potion of mutation]
  8078 | D:7      | Lost mutation: Scrolls take you a little longer to read. [potion of mutation]
  8078 | D:7      | Gained mutation: Your spells are a little easier to cast, but a little less powerful. [potion of mutation]
  8078 | D:7      | Gained mutation: You are frail. (-10% HP) [potion of mutation]
  8078 | D:7      | Lost mutation: You are frail. (-10% HP) [potion of mutation]
  8467 | D:7      | Reached XP level 10. HP: 49/74 MP: 10/10
  9060 | D:8      | Reached skill level 11 in Axes
  9144 | D:8      | Noticed Grum
  9157 | D:8      | Slain by Grum

Vault maps used:
D:1:      dpeg_arrival_water_altar, kennysheep_small_spiral, dk_noncrumbling_3,
          roderic_st_hans_cross
D:2:      regret_index_temple_of_mockery, uniq_iyjb
D:3:      uniq_robin
D:4:      minmay_temple_entry_overgrown, serial_bayou, serial_bayou_ford_a,
          serial_bayou_pond_c, serial_bayou_shore_a, serial_bayou_pond_b,
          first_bread
D:5:      basic_altar
D:6:      enter_ossuary_1, uniq_edmund
D:7:      serial_shops, shop
D:8:      lair_entry_dummy, uniq_grum
Temple:   regret_index_temple_chain_breaker
Ossuary:  ossuary_kennysheep_city_of_the_dead

Skill      XL: |  1  2  3  4  5  6  7  8  9 10 |
---------------+-------------------------------+-----
Axes           | 4 6 7 8 9 10 11 | 11.0
Armour         | 3 5 8 9 |  9.0
Fighting       | 5 |  5.0
Throwing       | |  1.7
Dodging        | |  3.0

Action                   |  1- 3 |  4- 6 |  7- 9 | 10-12 || total
-------------------------+-------+-------+-------+-------++-------
Melee: War axe           |    82 |   221 |   297 |       ||   600
       Battleaxe         |       |       |   101 |    62 ||   163
 Abil: Hop               |       |       |     1 |       ||     1
  Use: Scroll            |     2 |     6 |    18 |     2 ||    28
       Potion            |       |     1 |     9 |       ||    10
  Eat: Chunk             |     1 |     8 |     9 |       ||    18
       Royal jelly       |       |       |     6 |       ||     6
       Bread ration      |       |       |     1 |       ||     1
Armor: Leather armour    |    14 |       |       |       ||    14
       Chain mail        |    17 |    69 |       |       ||    86
       Plate armour      |       |    72 |   323 |    47 ||   442
       Skin              |       |       |     7 |       ||     7
Dodge: Dodged            |    45 |    90 |   175 |    29 ||   339
